[Event "North American U20 Girls 2019"]
[Site "Charlotte"]
[Date "2019.06.29"]
[Round "6.1"]
[White "Zhu, Evelyn"]
[Black "Yip, Carissa"]
[Result "1/2-1/2"]
[ECO "D76"]
[WhiteElo "2006"]
[BlackElo "2276"]
[Annotator "RC"]
[PlyCount "91"]
[EventDate "2019.06.27"]
[EventType "swiss"]
[EventCountry "USA"]
[SourceTitle "playchess.com"]
[Source "ChessBase"]
[SourceQuality "1"]
[TimeControl "5400+30"]

1. d4 Nf6 2. c4 g6 3. Nc3 d5 4. cxd5 Nxd5 5. g3 Nb6 6. Bg2 Bg7 7. Nf3 Nc6 8. e3 O-O 9. O-O Re8 10. Nh4 e5 11. d5 Nb4 12. e4 Qe7 13. Re1 Bd7 14. Nf3 c6 15. a3 Na6 16. dxc6 Bxc6 17. Qe2 Nc5 18. Bg5 Qe6 19. Rad1 Qb3 20. Rb1 h6 21. Be3 Nca4 22. Nxa4 Nxa4 23. Nd2 Qe6 24. Rec1 b5 25. Rc2 Rec8 26. Rbc1 Bf8 27. h4 Be8 28. Rxc8 Rxc8 29. Rxc8 Qxc8 30. Nf3 f6 31. Qd2 Qd7 32. Qe2 Bf7 33. Ne1 a6 34. Qc2 Qe6 35. Bf1 h5 36. Kh2 Qb3 37. Qc8 Qxb2 38. Qxa6 Nc3 39. Qxf6 Nxe4 40. Qf3 Nc3 41. Nd3 Qb1 42. Nxe5 Bd5 43. Qf6 Bg7 44. Qxg6 Qxf1 45. Qe8+ Bf8 46. Qg6+ 1/2-1/2

[Event "North American U20 Girls 2019"]
[Site "Charlotte"]
[Date "2019.06.29"]
[Round "6.2"]
[White "Wu, Abbie"]
[Black "Ehsani, Yassamin"]
[Result "0-1"]
[ECO "B41"]
[WhiteElo "1448"]
[BlackElo "1866"]
[Annotator "NA RC"]
[PlyCount "84"]
[EventDate "2019.06.27"]
[EventType "swiss"]
[EventCountry "USA"]
[SourceTitle "playchess.com"]
[Source "ChessBase"]
[SourceQuality "1"]
[TimeControl "5400+30"]

1. e4 c5 2. Nf3 e6 3. d4 cxd4 4. Nxd4 a6 5. Be3 Qc7 6. f3 Nf6 7. Qd2 b5 8. g4 h6 9. a3 Nc6 10. Nc3 Bb7 11. Bg2 Nxd4 12. Bxd4 e5 13. Be3 b4 14. axb4 Bxb4 15. O-O O-O $15 16. Rfb1 a5 17. Bf1 d5 18. exd5 Nxd5 19. Bf2 Rfd8 20. Nxd5 Rxd5 21. Qe2 Rd2 22. Qb5 Rxc2 23. Rd1 Qc6 24. Qxc6 Bxc6 25. Rac1 Rxc1 26. Rxc1 Bxf3 27. Bg2 Bxg2 28. Kxg2 Rd8 29. Kf3 Rd2 30. Bg3 f6 31. Rb1 Kf7 32. b3 Ke6 33. h3 Rd3+ 34. Kg2 Kd5 35. Bf2 e4 36. Bg3 Rd2+ 37. Kf1 e3 38. Be1 Rh2 39. Kg1 Rc2 40. Bxb4 axb4 41. Rd1+ Ke4 42. Rd8 Kf3 0-1

[Event "North American U20 Girls 2019"]
[Site "Charlotte"]
[Date "2019.06.29"]
[Round "6.3"]
[White "Zeng, Sheena"]
[Black "Jie, Tianhui"]
[Result "1/2-1/2"]
[ECO "E11"]
[WhiteElo "1964"]
[BlackElo "1920"]
[Annotator "NA RC"]
[PlyCount "92"]
[EventDate "2019.06.27"]
[EventType "swiss"]
[EventCountry "USA"]
[SourceTitle "playchess.com"]
[Source "ChessBase"]
[SourceQuality "1"]
[TimeControl "5400+30"]

1. d4 Nf6 2. c4 e6 3. Nf3 Bb4+ 4. Bd2 Qe7 5. g3 O-O 6. Bg2 Bxd2+ 7. Nbxd2 d6 8. O-O e5 9. dxe5 {[%emt 0:00:30] E11: Bogo-Indian} (9. Qb3 Re8 10. e4 Nbd7 11. Rfe1 c5 12. d5 Nf8 13. Nh4 Ng6 14. Nf5 Qc7 15. h3 Bd7 16. Nb1 Ne7 {0-1 (56) Jumabayev,R (2561)-Matlakov,M (2700) Khanty-Mansiysk 2013}) 9... dxe5 10. Qb3 Nbd7 11. Qc3 $146 ({Predecessor:} 11. Ng5 a5 12. Rfd1 a4 13. Qc3 {1-0 (36) Mozny,M-Eretova,K Brno 1974}) 11... Re8 12. e3 Nc5 13. b4 Nce4 14. Nxe4 Nxe4 15. Qc2 Nf6 16. c5 Bg4 17. h3 Bxf3 18. Bxf3 e4 19. Be2 a5 20. a3 Qe5 21. Rad1 axb4 22. axb4 Nd5 23. Bc4 c6 (23... Nf6 $1 $11) 24. Qb3 Red8 25. Rd4 h5 (25... Rd7 $16 {is a better defense.}) 26. Rfd1 h4 27. Bxd5 cxd5 28. Rxd5 ({Resist} 28. gxh4 $6 Qh5 $16) 28... Rxd5 29. Qxd5 Qxd5 30. Rxd5 hxg3 31. fxg3 Ra1+ 32. Kf2 Rb1 33. Rd4 Rb2+ 34. Ke1 Rh2 $2 (34... Kf8 35. Rxe4 Rg2) 35. Rxe4 Rxh3 $2 (35... Kf8 36. Rh4 Ke7) 36. Kf2 Rh2+ 37. Kf3 Rb2 38. Rd4 Kf8 39. Ke4 Rb3 40. g4 Ke7 41. Kd5 Rxe3 42. Re4+ Rxe4 43. Kxe4 Kd7 44. b5 Ke6 45. g5 $11 f5+ 46. gxf6 gxf6 1/2-1/2

[Event "North American U20 Girls 2019"]
[Site "Charlotte"]
[Date "2019.06.29"]
[Round "6.4"]
[White "Avirneni, Saithanusri"]
[Black "Chin, Angelica"]
[Result "0-1"]
[ECO "A03"]
[WhiteElo "1641"]
[BlackElo "1937"]
[Annotator "NA RC"]
[PlyCount "64"]
[EventDate "2019.06.27"]
[EventType "swiss"]
[EventCountry "USA"]
[SourceTitle "playchess.com"]
[Source "ChessBase"]
[SourceQuality "1"]
[TimeControl "5400+30"]

1. f4 d5 2. Nf3 Nf6 3. b3 c5 4. Bb2 e6 5. e3 Nc6 6. d3 Be7 7. Ne5 Qc7 8. Be2 O-O 9. O-O b5 {[%emt 0:00:30] A03: Bird's Opening with 1...d5} 10. a4 b4 11. Qe1 a5 $146 ({Predecessor:} 11... Ba6 12. Nd2 Nxe5 13. Bxe5 Qb6 14. Rf3 Nd7 15. Bb2 f5 16. Rg3 Bf6 17. Bxf6 Nxf6 {1-0 (38) Trapp,M (2104)-Schulz,M (2209) Bayern 2011}) 12. Nd2 Ba6 13. Rf3 Nd7 14. Nxd7 Qxd7 15. Rh3 Qd8 16. e4 Rc8 17. Qg3 Nd4 18. Bd1 Bf6 19. e5 Be7 20. Bxd4 cxd4 21. Nf3 Qc7 22. Qg4 Bd8 23. c4 dxc3 24. Bc2 f5 25. exf6 Rxf6 26. Ng5 Qxf4 27. Qxf4 Rxf4 28. Nxe6 Rf6 29. Ng5 $2 (29. Nxd8 Rxd8 30. Re3) 29... Bb6+ 30. Kh1 Rf2 31. Rc1 Re8 32. Nf3 $19 Ree2 0-1

[Event "North American U20 Girls 2019"]
[Site "Charlotte"]
[Date "2019.06.29"]
[Round "6.5"]
[White "Vittal, Sanjana"]
[Black "Qiao, Cindy"]
[Result "1/2-1/2"]
[ECO "B30"]
[WhiteElo "1920"]
[BlackElo "1777"]
[Annotator "NA RC"]
[PlyCount "80"]
[EventDate "2019.06.27"]
[EventType "swiss"]
[EventCountry "USA"]
[SourceTitle "playchess.com"]
[Source "ChessBase"]
[SourceQuality "1"]
[TimeControl "5400+30"]

1. e4 c5 2. Nc3 Nc6 3. Bb5 Nd4 4. Nf3 e6 5. Ba4 (5. O-O a6 6. Bd3 Nc6 7. a3 b5 8. Re1 Bb7 9. Bf1 Nf6 10. d4 cxd4 11. Nxd4 Nxd4 12. Qxd4 Qc7 13. e5 Nd5 14. Nxd5 Bxd5 {½-½ (65) Guseinov,G (2664)-Saric,I (2690) chess.com INT 2019}) 5... Qa5 6. Bb3 {[%emt 0:00:30] B30: Sicilian: 2...Nc6 3 Bb5, lines without ...g6} b5 $146 ({Predecessor:} 6... Nxb3 7. cxb3 b5 8. O-O Bb7 9. d4 b4 10. Na4 Bxe4 11. Re1 Bc6 12. d5 Bxa4 {½-½ (49) Wasala,W (1512)-Kmiecik,E (1797) Poland 2018}) 7. Nxd4 cxd4 8. Ne2 Bc5 9. O-O Bb7 10. d3 Ne7 11. Ng3 O-O 12. Qg4 Kh8 13. h4 f5 14. Qg5 Qc7 15. Nh5 Ng6 16. Bf4 Bd6 17. Bxd6 Qxd6 18. f3 Qe7 (18... Rac8 $17 19. Ng3 Rc5 20. exf5 exf5) 19. Qxe7 Nxe7 20. Ng3 Rac8 $11 21. a4 b4 22. a5 Ba6 23. Rfe1 g6 24. exf5 Nxf5 25. Nxf5 gxf5 26. Re5 Rg8 27. Ra4 Rb8 28. Kh2 h5 29. Rc5 Rg7 30. Re5 Rgg8 31. Ra1 Bb5 32. Rae1 Rg7 33. R1e2 Kh7 34. Rc5 d6 35. Rxb5 Rxb5 36. Rxe6 Rg6 37. Re7+ Rg7 38. Re6 Re5 39. Rxd6 Re2 40. Rxd4 f4 1/2-1/2

[Event "North American U20 Girls 2019"]
[Site "Charlotte"]
[Date "2019.06.29"]
[Round "7.1"]
[White "Yip, Carissa"]
[Black "Wu, Abbie"]
[Result "1-0"]
[ECO "D02"]
[WhiteElo "2276"]
[BlackElo "1448"]
[Annotator "ChessBase"]
[PlyCount "85"]
[EventDate "2019.06.27"]
[EventType "swiss"]
[EventCountry "USA"]
[SourceTitle "playchess.com"]
[Source "ChessBase"]
[SourceQuality "1"]
[TimeControl "5400+30"]

1. Nf3 Nf6 2. g3 g6 3. Bg2 Bg7 4. O-O O-O 5. d4 d5 6. a3 c5 7. dxc5 Nc6 8. c3 Re8 9. b4 a6 10. Nd4 e5 11. Nxc6 bxc6 12. Nd2 a5 13. Bb2 Rb8 14. Nb3 axb4 15. cxb4 Qc7 16. e3 Ba6 17. Re1 g5 18. Qc2 h6 19. Rab1 Qd7 20. Red1 Qe6 21. Bc3 Bc8 22. Na5 Bd7 23. a4 Bf8 24. Ba1 Ra8 25. Bc3 Be7 26. Ra1 Bd8 27. Nb3 Qf5 28. Qxf5 Bxf5 29. Rdc1 Bd3 30. Bf1 Bxf1 31. Kxf1 Ne4 32. b5 Nxc3 33. Rxc3 cxb5 34. axb5 Rxa1+ 35. Nxa1 Ba5 36. Rd3 Rb8 37. b6 Rc8 38. Nb3 Bb4 39. b7 Rb8 40. c6 Bd6 41. Rxd5 Bc7 42. Nc5 Kg7 43. Na6 1-0

[Event "North American U20 Girls 2019"]
[Site "Charlotte"]
[Date "2019.06.29"]
[Round "7.2"]
[White "Chin, Angelica"]
[Black "Zhu, Evelyn"]
[Result "0-1"]
[ECO "B41"]
[WhiteElo "1937"]
[BlackElo "2006"]
[Annotator "NA"]
[PlyCount "96"]
[EventDate "2019.06.27"]
[EventType "swiss"]
[EventCountry "USA"]
[SourceTitle "playchess.com"]
[Source "ChessBase"]
[SourceQuality "1"]
[TimeControl "5400+30"]

1. e4 c5 2. Nf3 e6 3. d4 cxd4 4. Nxd4 a6 5. c4 Nf6 6. Nc3 Qc7 7. a3 b6 8. Be2 Bb7 9. f3 Be7 10. O-O O-O 11. Be3 d6 12. Qd2 Nbd7 13. Rac1 Rac8 14. Rfd1 Qb8 15. b4 Rfe8 16. Bf1 Bd8 17. Nb3 Bc7 18. Bf4 Ne5 19. Bxe5 dxe5 20. Qe3 Red8 21. Na4 Bc6 22. Nb2 Qa8 23. a4 Nd7 24. Kh1 f5 25. exf5 exf5 26. b5 Bb7 27. Qg5 Bxf3 28. gxf3 Qxf3+ 29. Bg2 Qxb3 30. Bd5+ Kh8 31. Rg1 g6 32. Be6 Qxb2 33. Rcd1 e4 34. Rg2 Qe5 35. Bxd7 Ra8 36. Rd5 Qa1+ 37. Rg1 Qb2 38. Rd2 Qe5 39. Qh4 e3 40. Rd5 Qg7 41. Bxf5 Rxd5 42. cxd5 Qe5 43. Be4 Rf8 44. Bb1 Qxd5+ 45. Qe4 Qd6 46. Qc2 Qe5 47. Rg2 Rf1+ 48. Rg1 Rf2 0-1

[Event "North American U20 Girls 2019"]
[Site "Charlotte"]
[Date "2019.06.29"]
[Round "7.3"]
[White "Ehsani, Yassamin"]
[Black "Vittal, Sanjana"]
[Result "1/2-1/2"]
[ECO "C44"]
[WhiteElo "1866"]
[BlackElo "1920"]
[Annotator "NA"]
[PlyCount "58"]
[EventDate "2019.06.27"]
[EventType "swiss"]
[EventCountry "USA"]
[SourceTitle "playchess.com"]
[Source "ChessBase"]
[SourceQuality "1"]
[TimeControl "5400+30"]

1. e4 e5 2. Nf3 Nc6 3. g3 Nf6 4. d3 Be7 5. Bg2 d6 6. h3 O-O 7. O-O Ne8 8. Nc3 f5 9. exf5 Bxf5 10. Re1 Bf6 11. Qe2 Qd7 12. Kh2 Bg6 13. Ne4 Bd8 14. Bd2 Nf6 15. c4 a5 16. b3 h6 17. a3 Qf7 18. Qe3 Nxe4 19. dxe4 Be7 20. Qd3 Kh8 21. b4 a4 22. Rac1 Qe6 23. Be3 Bh5 24. Ng1 Bg5 25. Rc2 Bxe3 26. fxe3 Ne7 27. Rf1 Bg6 28. Rcf2 Rxf2 29. Rxf2 Ng8 1/2-1/2

[Event "North American U20 Girls 2019"]
[Site "Charlotte"]
[Date "2019.06.29"]
[Round "7.4"]
[White "Qiao, Cindy"]
[Black "Zeng, Sheena"]
[Result "1-0"]
[ECO "C00"]
[WhiteElo "1777"]
[BlackElo "1964"]
[Annotator "NA"]
[PlyCount "99"]
[EventDate "2019.06.27"]
[EventType "swiss"]
[EventCountry "USA"]
[SourceTitle "playchess.com"]
[Source "ChessBase"]
[SourceQuality "1"]
[TimeControl "5400+30"]

1. e4 e6 2. d3 d5 3. Nd2 Nf6 4. Ngf3 c5 5. g3 Nc6 6. Bg2 Be7 7. O-O O-O 8. Re1 b5 9. e5 Nd7 10. Nf1 a5 11. h4 b4 12. Bf4 a4 13. a3 bxa3 14. bxa3 Rb8 15. Ne3 Ba6 16. c4 dxc4 17. Nxc4 Bxc4 18. dxc4 Nb6 19. Qe2 Na5 20. Nd2 Qc7 21. h5 Nb3 22. Rab1 Nxd2 23. Bxd2 Rfd8 24. Ba5 Qa7 25. Rb5 Rf8 26. Be4 Nd7 27. Bc3 Rxb5 28. cxb5 h6 29. Bc2 Rc8 30. Qe4 Nf8 31. Rb1 c4 32. Bb4 Bc5 33. Bxc5 Qxc5 34. b6 c3 35. b7 Rb8 36. Bxa4 Qxa3 37. Qc4 g6 38. Bc2 Rxb7 39. Rxb7 Qc1+ 40. Kg2 Qxc2 41. Rb8 Kg7 42. Qc8 Qe4+ 43. Kh2 gxh5 44. Qxf8+ Kg6 45. Qg8+ Kf5 46. Qxf7+ Kxe5 47. Qxh5+ Kd6 48. Rc8 Qb4 49. Qf3 Qb5 50. Rxc3 {[%emt 0:00:30] Kd5} 1-0

[Event "North American U20 Girls 2019"]
[Site "Charlotte"]
[Date "2019.06.29"]
[Round "7.5"]
[White "Jie, Tianhui"]
[Black "Cui, Cynthia"]
[Result "1-0"]
[ECO "E19"]
[WhiteElo "1920"]
[BlackElo "1775"]
[Annotator "NA"]
[PlyCount "117"]
[EventDate "2019.06.27"]
[EventType "swiss"]
[EventCountry "USA"]
[SourceTitle "playchess.com"]
[Source "ChessBase"]
[SourceQuality "1"]
[TimeControl "5400+30"]

1. d4 e6 2. c4 Nf6 3. Nf3 b6 4. g3 Be7 5. Bg2 Bb7 6. O-O O-O 7. Nc3 Na6 8. a3 Ne4 9. Qc2 Nxc3 10. Qxc3 c5 11. Qd3 cxd4 12. b4 Qc8 13. Bb2 Bf6 14. Bxd4 Bxd4 15. Qxd4 d5 16. Rac1 dxc4 17. Rxc4 Qd8 18. Ne5 Qxd4 19. Rxd4 Bxg2 20. Kxg2 Nc7 21. Rd7 Nb5 22. a4 Nc3 23. Rc1 Nd5 24. b5 h6 25. Rb7 f5 26. Rc6 Rfe8 27. Rd6 Reb8 28. Rbd7 a6 29. Rxe6 Nf6 30. Rdd6 axb5 31. axb5 Ra5 32. Rxb6 Rxb5 33. Rxb8+ Rxb8 34. Nc6 Rb5 35. f3 Kh7 36. Re7 Rd5 37. Nb4 Rb5 38. Nd3 Ra5 39. Nf4 Nd5 40. Re5 Nxf4+ 41. gxf4 Ra2 42. Kg3 Kg6 43. e4 fxe4 44. fxe4 Kf6 45. h4 Re2 46. Kf3 Re1 47. Kf2 Rh1 48. h5 Rh4 49. Kg3 Rh1 50. Ra5 Rg1+ 51. Kf2 Rg4 52. Kf3 Rh4 53. Kg3 Rh1 54. Ra6+ Kf7 55. Kg4 Rg1+ 56. Kf5 Rh1 57. Ra7+ Kg8 58. e5 Rxh5+ 59. Kg6 1-0

[Event "North American U20 Girls 2019"]
[Site "Charlotte"]
[Date "2019.06.30"]
[Round "8.1"]
[White "Qiao, Cindy"]
[Black "Yip, Carissa"]
[Result "0-1"]
[ECO "A04"]
[WhiteElo "1777"]
[BlackElo "2276"]
[Annotator "RC"]
[PlyCount "62"]
[EventDate "2019.06.27"]
[EventType "swiss"]
[EventCountry "USA"]
[SourceTitle "playchess.com"]
[Source "ChessBase"]
[SourceQuality "1"]
[TimeControl "5400+30"]

1. e4 c5 2. Nf3 e6 3. d3 Nc6 4. Nbd2 g6 5. g3 Bg7 6. Bg2 Nge7 7. O-O O-O 8. Re1 d6 9. c3 Rb8 10. Nf1 e5 11. Ne3 h6 12. Rb1 Be6 13. c4 Qd7 14. b3 f5 15. exf5 gxf5 16. Nh4 b5 17. Bd2 Nd4 18. Bc3 Qe8 19. Bxd4 cxd4 20. Nc2 Bd7 21. Bf3 bxc4 22. Bh5 Qd8 23. bxc4 Bf6 24. Ng6 Nxg6 25. Bxg6 Qa5 26. Qh5 Bg7 27. Rxb8 Rxb8 28. Bxf5 Bxf5 29. Qxf5 Qd2 30. Qe6+ Kh8 31. Qxd6 Rf8 0-1

[Event "North American U20 Girls 2019"]
[Site "Charlotte"]
[Date "2019.06.30"]
[Round "8.2"]
[White "Zhu, Evelyn"]
[Black "Jie, Tianhui"]
[Result "1/2-1/2"]
[ECO "E32"]
[WhiteElo "2006"]
[BlackElo "1920"]
[Annotator "NA RC"]
[PlyCount "125"]
[EventDate "2019.06.27"]
[EventType "swiss"]
[EventCountry "USA"]
[SourceTitle "playchess.com"]
[Source "ChessBase"]
[SourceQuality "1"]
[TimeControl "5400+30"]

1. d4 Nf6 2. c4 e6 3. Nc3 Bb4 4. Qc2 O-O 5. Nf3 d6 6. Bd2 Qe7 7. a3 Bxc3 8. Bxc3 Nbd7 9. e3 {[%emt 0:00:30] E32: Nimzo-Indian: Classical (4 Qc2): 4...0-0} e5 10. Be2 a5 11. b3 Re8 12. O-O e4 13. Nd2 {[%emt 0:00:30] [#]} c5 $146 ({Predecessor:} 13... c6 14. Rae1 {½-½ (28) Edouard,R (2646)-Ikonnikov,V (2551) Belgium 2019}) 14. b4 b6 15. bxc5 bxc5 16. d5 Nf8 17. Rab1 Bf5 18. Rb5 a4 19. Rfb1 Ng4 20. Bxg4 Bxg4 21. Nf1 Qg5 22. Kh1 h5 23. h3 Bd7 24. Rb6 Qg6 25. Ng3 h4 26. Ne2 Qh6 27. Qd1 g5 {[%emt 0:00:30] [#]} 28. Qg1 (28. Nd4 $1 $18 {[%mdl 512] has better winning chances.}) 28... Rad8 (28... Bc8 $16) 29. Qh2 Bc8 30. Rc6 Qh5 31. Ng1 Bf5 32. Rxd6 Nd7 33. Ra6 Ra8 34. Rxa8 Rxa8 35. Qd6 Qg6 36. Qc7 Qa6 37. Rb5 Qc8 38. Qd6 Qf8 39. Qc7 $2 (39. Be5 $18) 39... Rc8 40. Qh2 Ra8 41. g4 hxg3 42. Qxg3 f6 43. Ne2 Qh6 44. Kg2 Kf7 45. Rb1 Rh8 46. Rh1 $19 (46. Ng1 $11) 46... Qh4 47. Qxh4 gxh4 48. Nf4 Rg8+ 49. Kh2 Rb8 50. Ng2 Rb3 51. Ba5 Ne5 52. Nxh4 Bd7 53. Rc1 Rxa3 54. Kg3 Rb3 55. Ng2 a3 56. Ne1 a2 57. Ra1 Rb1 58. Rxa2 Nxc4 59. Nc2 Rd1 60. Kf4 Rxd5 61. Kxe4 Re5+ 62. Kd3 Nxa5 63. Ra3 1/2-1/2

[Event "North American U20 Girls 2019"]
[Site "Charlotte"]
[Date "2019.06.30"]
[Round "8.3"]
[White "Morris-Suzuki, Sophie"]
[Black "Ehsani, Yassamin"]
[Result "1-0"]
[ECO "B42"]
[WhiteElo "1945"]
[BlackElo "1866"]
[Annotator "NA RC"]
[PlyCount "79"]
[EventDate "2019.06.27"]
[EventType "swiss"]
[EventCountry "USA"]
[SourceTitle "playchess.com"]
[Source "ChessBase"]
[SourceQuality "1"]
[TimeControl "5400+30"]

1. e4 c5 2. Nf3 e6 3. d4 cxd4 4. Nxd4 a6 5. Bd3 Nc6 6. Nxc6 dxc6 7. O-O e5 8. f4 Bc5+ {[%emt 0:00:30] B42: Sicilian: Kan Variation: 5 Bd3} (8... Nf6 9. Kh1 Ng4 10. Qe1 Bc5 11. Nc3 Qd4 12. Nd1 Be6 13. f5 Bc4 14. Rf3 O-O-O 15. Bd2 Bxd3 16. cxd3 {½-½ (29) Mchedlishvili,M (2601)-Quparadze,G (2498) Tbilisi 2017}) 9. Kh1 Nf6 10. f5 b5 11. a4 Bb7 12. axb5 $146 ({Predecessor:} 12. Bg5 h6 13. Bh4 Be7 14. Nd2 O-O 15. Nb3 Nd7 16. Bf2 {1-0 (57) Ostermeyer,P (2455)-Capelan,G (2425) Solingen 1986}) 12... cxb5 13. Nd2 Bb6 14. Qe2 h6 15. g4 Qd4 16. Re1 h5 (16... g5 $15) 17. Nb3 Qd8 (17... Qf2 $11 18. Qxf2 Bxf2) 18. g5 Nd7 (18... Ng4 19. Rf1) 19. Bd2 Qe7 20. h4 Nc5 21. Bb4 Rc8 22. Qh2 (22. c3 $16) 22... O-O ({Better is} 22... Nxd3 $15 23. Bxe7 Nf2+ 24. Kg2 Ng4) 23. f6 Qe6 24. fxg7 Kxg7 25. Bxc5 Bxc5 26. Rf1 (26. Nxc5 $16 Rxc5 27. Re3) 26... Be3 27. Rf3 Bf4 $1 {[%emt 0:00:30] [#]} 28. Qf2 $17 (28. Nd4 $1 $11 {[%mdl 512] remains equal.} Qg6 (28... exd4 29. Rxf4) 29. Qe2) 28... Qd6 29. Rf1 Rc4 30. Qe2 Ra4 31. c3 Qc6 32. Nd4 exd4 33. Rxf4 dxc3 34. Qxh5 Qe6 35. Kh2 Ra2 36. Rf6 Qe5+ 37. R1f4 Rxb2+ 38. Kh1 Qe7 39. Qh6+ Kg8 40. g6 1-0

[Event "North American U20 Girls 2019"]
[Site "Charlotte"]
[Date "2019.06.30"]
[Round "8.4"]
[White "Vittal, Sanjana"]
[Black "Chin, Angelica"]
[Result "1-0"]
[ECO "C15"]
[WhiteElo "1920"]
[BlackElo "1937"]
[Annotator "NA RC"]
[PlyCount "49"]
[EventDate "2019.06.27"]
[EventType "swiss"]
[EventCountry "USA"]
[SourceTitle "playchess.com"]
[Source "ChessBase"]
[SourceQuality "1"]
[TimeControl "5400+30"]

1. e4 e6 2. d4 d5 3. Nc3 Bb4 4. Nge2 dxe4 5. a3 Be7 6. Nxe4 Nf6 7. Nxf6+ Bxf6 8. Be3 {[%emt 0:00:30] C15: French: 3 Nc3 Bb4: Unusual White 4th moves} O-O 9. Qd2 c5 (9... b6 10. O-O-O Bb7 11. h4 Nd7 12. Nf4 Be7 13. h5 Nf6 14. f3 Qc8 15. Qf2 Rd8 {0-1 (33) Jobava,B (2703)-Ivanchuk,V (2757) Leuven 2017}) 10. O-O-O cxd4 11. Nxd4 a6 12. Bd3 Qc7 $146 ({Predecessor:} 12... e5 13. Nb3 Nc6 14. Be4 Qc7 15. f3 Be6 {1-0 (42) Fridman,R (2260)-Zilanus,A (2060) Marijampole 1996}) 13. Ne2 Nc6 14. Nf4 Qe5 (14... Rd8 $15) 15. c3 b5 16. Qc2 h6 (16... g6 $11) 17. Be4 Qc7 18. Qe2 Bb7 19. Nh5 Bd8 20. Bf4 $18 e5 21. Qg4 f5 22. Bxf5 Rxf5 23. Qxf5 Bc8 24. Qg6 exf4 25. Rxd8+ 1-0

[Event "North American U20 Girls 2019"]
[Site "Charlotte"]
[Date "2019.06.30"]
[Round "8.5"]
[White "Wu, Abbie"]
[Black "Yellamraju, Ambica"]
[Result "0-1"]
[ECO "C01"]
[WhiteElo "1448"]
[BlackElo "1712"]
[Annotator "NA"]
[PlyCount "138"]
[EventDate "2019.06.27"]
[EventType "swiss"]
[EventCountry "USA"]
[SourceTitle "playchess.com"]
[Source "ChessBase"]
[SourceQuality "1"]
[TimeControl "5400+30"]

1. e4 e6 2. d4 d5 3. Nc3 Nf6 4. exd5 exd5 5. Bf4 c6 6. a3 Bf5 7. Nf3 Bd6 8. Bxd6 Qxd6 9. Qd2 Nbd7 10. O-O-O O-O 11. Nh4 Bg6 12. Nxg6 hxg6 13. Be2 b5 14. Na2 Ne4 15. Qe3 Rfe8 16. Qf3 a5 17. h4 Qf6 18. Rhf1 Qxh4 19. Kb1 Qg5 20. Qd3 Ndf6 21. Bf3 Nd6 22. Nc1 Qf5 23. Qxf5 Nxf5 24. g3 Ne4 25. c3 Rab8 26. Nd3 f6 27. Rfe1 Nfd6 28. Kc2 Kf7 29. Bg2 Rh8 30. Rh1 Rbe8 31. Rde1 Rxh1 32. Rxh1 Nf5 33. Re1 Nfd6 34. Bf3 Rh8 35. Rh1 Rh6 36. Bg2 Nf5 37. Rxh6 gxh6 38. Bh3 Ne7 39. Kd1 g5 40. Bg4 Kg6 41. Bd7 Kf7 42. Bg4 f5 43. Bh3 Kf6 44. Ke2 Ng6 45. Bg2 h5 46. Bxe4 fxe4 47. Ne1 h4 48. Kf1 Kf5 49. Kg2 g4 50. gxh4 Nxh4+ 51. Kg3 Kg5 52. Nc2 Nf5+ 53. Kg2 Kf4 54. Kf1 e3 55. Ne1 exf2 56. Kxf2 g3+ 57. Ke2 Kg4 58. Kf1 Ne3+ 59. Ke2 Nc4 60. Nd3 Kh3 61. Kf1 Kh2 62. Ne1 Ne3+ 63. Ke2 Nc4 64. Kf1 Nxb2 65. Ke2 Na4 66. Kd2 g2 67. Nf3+ Kh1 68. Ng1 Kxg1 69. Kc2 Kf2 0-1

[Event "North American U20 Girls 2019"]
[Site "Charlotte"]
[Date "2019.06.30"]
[Round "9.1"]
[White "Yip, Carissa"]
[Black "Vittal, Sanjana"]
[Result "1-0"]
[ECO "A00"]
[WhiteElo "2276"]
[BlackElo "1920"]
[Annotator "NA"]
[PlyCount "117"]
[EventDate "2019.06.27"]
[EventType "swiss"]
[EventCountry "USA"]
[SourceTitle "playchess.com"]
[Source "ChessBase"]
[SourceQuality "1"]
[TimeControl "5400+30"]

1. a3 d5 2. Nf3 Nf6 3. g3 Bg4 4. Bg2 e6 5. O-O Bd6 6. d3 c6 7. Nbd2 O-O 8. h3 Bh5 9. c3 Nbd7 10. b4 Re8 11. Qc2 e5 12. e4 Qc7 13. Nh4 Bg6 14. Bb2 Rad8 15. Kh2 Nf8 16. Rac1 Qb8 17. Rfe1 dxe4 18. dxe4 Bc7 19. Nxg6 Nxg6 20. Nc4 Rd7 21. Rcd1 Red8 22. Rxd7 Rxd7 23. Bc1 Qd8 24. a4 Bb8 25. Kg1 h6 26. Na5 Nf8 27. h4 Ne6 28. Bh3 Qe7 29. Qb3 Qd6 30. Ba3 b5 31. Bc1 a6 32. Bxe6 fxe6 33. c4 Nxe4 34. Rxe4 Qd1+ 35. Kg2 Qxc1 36. cxb5 cxb5 37. Qxe6+ Rf7 38. Re3 Qc7 39. Nc6 Qd6 40. Qe8+ Kh7 41. Qxf7 Qxc6+ 42. Qf3 Qxf3+ 43. Kxf3 Bd6 44. axb5 axb5 45. Rb3 Kg6 46. Ke4 Bb8 47. f3 Kf6 48. Kd5 Ba7 49. g4 h5 50. gxh5 Bf2 51. Kc6 Bxh4 52. Kxb5 Kg5 53. Kc6 Bf2 54. b5 Kxh5 55. b6 Bxb6 56. Rxb6 Kg5 57. Kd5 Kf4 58. Rg6 Kxf3 59. Kxe5 1-0

[Event "North American U20 Girls 2019"]
[Site "Charlotte"]
[Date "2019.06.30"]
[Round "9.2"]
[White "Yellamraju, Ambica"]
[Black "Zhu, Evelyn"]
[Result "0-1"]
[ECO "D11"]
[WhiteElo "1712"]
[BlackElo "2006"]
[Annotator "NA"]
[PlyCount "110"]
[EventDate "2019.06.27"]
[EventType "swiss"]
[EventCountry "USA"]
[SourceTitle "playchess.com"]
[Source "ChessBase"]
[SourceQuality "1"]
[TimeControl "5400+30"]

1. d4 d5 2. c4 c6 3. Nf3 Nf6 4. e3 a6 5. b3 Bf5 6. Bd3 Bxd3 7. Qxd3 g6 8. O-O Bg7 9. Nbd2 O-O 10. Bb2 Re8 11. Rad1 Nbd7 12. e4 dxe4 13. Nxe4 Nxe4 14. Qxe4 Qa5 15. a3 Rad8 16. b4 Qc7 17. Rfe1 Nb6 18. Qc2 Rd7 19. Ne5 Bxe5 20. dxe5 Rxd1 21. Rxd1 Rd8 22. Rd3 Rxd3 23. Qxd3 Qd7 24. Qxd7 Nxd7 25. Bd4 Nf8 26. Bc5 Nd7 27. Bd4 Nf8 28. Kf1 Ne6 29. Bc3 Kf8 30. g3 Ke8 31. Ke2 Kd7 32. Ke3 Nf8 33. f4 h5 34. h3 Ke6 35. g4 hxg4 36. hxg4 f5 37. Kf3 b5 38. cxb5 cxb5 39. Bd4 Nd7 40. gxf5+ gxf5 41. Ke3 Kd5 42. Kd3 Nf8 43. Bc5 Ng6 44. Be3 Nh4 45. Bf2 Ng2 46. Bg3 e6 47. Bh2 Ne1+ 48. Kc3 Ke4 49. Kb3 Ng2 50. a4 Nxf4 51. axb5 axb5 52. Kc3 Nd5+ 53. Kb3 f4 54. Bg1 f3 55. Bf2 Kxe5 0-1

[Event "North American U20 Girls 2019"]
[Site "Charlotte"]
[Date "2019.06.30"]
[Round "9.3"]
[White "Jie, Tianhui"]
[Black "Morris-Suzuki, Sophie"]
[Result "0-1"]
[ECO "E15"]
[WhiteElo "1920"]
[BlackElo "1945"]
[Annotator "NA"]
[PlyCount "134"]
[EventDate "2019.06.27"]
[EventType "swiss"]
[EventCountry "USA"]
[SourceTitle "playchess.com"]
[Source "ChessBase"]
[SourceQuality "1"]
[TimeControl "5400+30"]

1. d4 Nf6 2. c4 e6 3. Nf3 b6 4. g3 Ba6 5. b3 c5 6. Bg2 Bb7 7. O-O cxd4 8. Nxd4 Bxg2 9. Kxg2 Qc8 10. Nb5 Qc6+ 11. f3 a6 12. Nd4 Qb7 13. e4 d6 14. Nc3 Nbd7 15. Qe2 Be7 16. Rd1 O-O 17. Be3 Rfe8 18. Rac1 Bf8 19. Nc2 Rad8 20. Rd2 Rc8 21. Bd4 b5 22. Bxf6 Nxf6 23. Ne3 b4 24. Na4 d5 25. exd5 exd5 26. Qf2 dxc4 27. Rxc4 Rxc4 28. Nxc4 Qb5 29. Qd4 h5 30. Kf2 Qf5 31. Kg2 Re1 32. Rf2 Qb1 33. Rb2 Qc1 34. Qf2 h4 35. Rc2 Rg1+ 36. Qxg1 h3+ 37. Kh1 Qxc2 38. Ncb2 Ne4 39. Qf1 Nd2 40. Qd1 Qxd1+ 41. Nxd1 Nxf3 42. Nf2 Ng5 43. Kg1 Bd6 44. Kf1 Kf8 45. Ke2 Ke7 46. Nb2 Ke6 47. Nbd3 Kf5 48. Ne1 Ne4 49. Nxh3 Nc3+ 50. Kd2 Nxa2 51. Nf2 Nc3 52. Kd3 Bc5 53. Nh3 Kg4 54. Nf4 Bf2 55. Nc2 g5 56. Nxb4 gxf4 57. Kxc3 Be1+ 58. Kc4 Bxb4 59. gxf4 a5 60. Kd5 Kxf4 61. h4 Kg4 62. Ke5 Bc3+ 63. Ke4 f5+ 64. Kd3 Bb4 65. Ke3 Bc5+ 66. Kd3 Kxh4 67. Kc4 Bb4 0-1